 Dungeon Crawl Stone Soup version 0.26-a0-651-gb41185065b (console) character file.

Game seed: 3299063697544971944

8774 om the Destroyer (level 11, -5/96 HPs)
             Began as a Gargoyle Ice Elementalist on Sept 29, 2020.
             Was an Elder of Vehumet.
             Slain by a cyclops (9 damage)
             ... on level 11 of the Dungeon.
             The game lasted 00:33:07 (14567 turns).

om the Destroyer (Gargoyle Ice Elementalist)       Turns: 14567, Time: 00:33:08

Health: -5/96      AC: 21    Str: 13    XL:     11   Next: 36%
Magic:  15/17      EV: 14    Int: 18    God:    Vehumet [****..]
Gold:   593        SH:  0    Dex: 10    Spells: 8/18 levels left

rFire    + . .     SeeInvis .   a - staff of conjuration
rCold    . . .     Faith    .   (no shield)
rNeg     + . .     Spirit   .   H - +0 steam dragon scales
rPois    ∞         Reflect  .   l - +0 helmet
rElec    +         Harm     .   K - +2 cloak
rCorr    .         Rampage  .   (no gloves)
MR       .....                  e - +1 pair of boots
Stlth    ..........             (no amulet)
HPRegen  0.26/turn              D - ring of protection from fire
MPRegen  0.15/turn              N - ring of stealth

@: berserking, very quick
A: negative energy resistance 1, electricity resistance, unbreathing,
petrification resistance, rot immunity, AC +8
a: Renounce Religion


You were on level 11 of the Dungeon.
You worshipped Vehumet.
Vehumet was greatly pleased with you.
You visited 2 branches of the dungeon, and saw 12 of its levels.

You collected 593 gold pieces.

Inventory:

Hand Weapons
 b - a +3 short sword of venom
 w - a +0 spear of distortion
 x - a +0 whip
Armour
 e - a +1 pair of boots (worn)
 l - a +0 helmet (worn)
 H - +0 steam dragon scales (worn)
 K - a +2 cloak (worn)
Magical Staves
 a - an uncursed staff of conjuration (weapon)
Jewellery
 D - a ring of protection from fire (left hand)
 E - an uncursed ring of protection from cold
 N - a ring of stealth (right hand)
Wands
 v - a wand of disintegration (2)
 y - a wand of acid (14)
 B - a wand of flame (18)
 G - a wand of random effects (18)
 J - a wand of iceblast (14)
 L - a wand of enslavement (8)
Scrolls
 d - 4 scrolls of teleportation
 g - 4 scrolls of enchant armour
 h - a scroll of enchant weapon
 n - 2 scrolls of immolation
 o - 6 scrolls of remove curse
 r - 4 scrolls of amnesia
 u - 2 scrolls of fog {unknown}
 z - 2 scrolls of fear {unknown}
 C - a scroll of blinking {unknown}
 F - a scroll of magic mapping {unknown}
 I - a scroll of summoning {unknown}
 M - a scroll of random uselessness {unknown}
Potions
 c - a potion of ambrosia {unknown}
 f - 10 potions of curing
 i - 2 potions of invisibility {unknown}
 j - 3 potions of brilliance
 k - a potion of degeneration {unknown}
 m - 3 potions of flight
 p - 2 potions of lignification {unknown}
 q - 5 potions of cancellation
 s - 2 potions of berserk rage
 t - 2 potions of stabbing {unknown}
 A - 2 potions of heal wounds {unknown}


   Skills:
 - Level 6.0 Fighting
 - Level 5.0 Staves
 + Level 7.1 Armour
 + Level 6.6 Dodging
 - Level 3.0 Stealth
 - Level 4.0 Spellcasting
 - Level 10.0 Conjurations
 - Level 5.0 Ice Magic
 - Level 5.0 Evocations


You had 8 spell levels left.
You knew the following spells:

 Your Spells              Type           Power        Failure   Level
a - Freeze                Ice            ###.         1%          1
b - Frozen Ramparts       Ice            ###...       1%          3
c - Shock                 Conj/Air       ####         1%          1
d - Searing Ray           Conj           ######       1%          2
e - Static Discharge      Conj/Air       ####....     1%          3

Your spell library contained the following spells:

 Spells                   Type           Power        Failure   Level
 Bolt of Magma            Conj/Fire/Erth ###.......   26%         5
 Conjure Flame            Conj/Fire      ####....     1%          3
 Hailstorm                Conj/Ice       #####...     1%          4
 Mephitic Cloud           Conj/Pois/Air  ###.....     3%          3
 Ozocubu's Armour         Ice            ###.....     5%          3
 Animate Skeleton         Necr           #.....       14%         1
 Apportation              Tloc           #.....       14%         1
 Beastly Appendage        Tmut           #.....       14%         1
 Corona                   Hex            #......      14%         1
 Summon Small Mammal      Summ           #...         14%         1
 Poisonous Vapours        Pois/Air       #.....       22%         2
 Wereblood                Tmut           #.......     22%         2
 Confusing Touch          Hex            #.......     41%         3
 Gell's Gravitas          Tloc           #.........   41%         3
 Spider Form              Tmut/Pois      #.........   41%         3
 Ice Form                 Ice/Tmut       ##......     45%         4
 Summon Ice Beast         Ice/Summ       ##......     45%         4
 Freezing Cloud           Conj/Ice/Air   ####......   54%         6
 Yara's Violent Unravell  Hex/Tmut       #.........   67%         5
 Petrify                  Tmut/Erth      #.......     82%         4
 Metabolic Englaciation   Hex/Ice        ##........   82%         5
 Blade Hands              Tmut           #.........   99%         5


Dungeon Overview and Level Annotations

Branches:
Dungeon (11/15)            Temple (1/1) D:4            Lair (0/6) D:8
    Orc (0/2) D:10

Altars:
Ashenzari
Cheibriados
Dithmenos
Elyvilon
Fedhas
Gozag
Hepliaklqana
Kikubaaqudgha
Makhleb
Nemelex Xobeh
Okawaru
Qazlal
Ru
Sif Muna
Trog
Uskayaw
Vehumet
Wu Jian
Xom
Yredelemnul
Zin
The Shining One

Shops:
D:4 [

Annotations:
D:10 exclusion: orange crystal statue


Innate Abilities, Weirdness & Mutations

You are resistant to torment.
Your stone body is resilient. (AC +8)
You are immune to poison.
You resist negative energy. (rN+)
You are resistant to electric shocks. (rElec)
You can survive without breathing.
You are immune to petrification.
You are immune to rotting.


Message History

You see here a large rock.
Okay, then.
A red film seems to cover your vision as you go berserk!
You feel yourself moving faster!
You feel mighty!
The cyclops throws a large rock.
The large rock closely misses you.
You feel a strong urge to attack something.
You hit the cyclops.
You blast the cyclops.
The cyclops is lightly wounded.
The cyclops misses you.
You hit the cyclops!
The cyclops is moderately wounded.
You hit the cyclops.
The cyclops is heavily wounded.
The cyclops hits you!!
* * * LOW HITPOINT WARNING * * *
You barely miss the cyclops.
The cyclops is heavily wounded.
You hit the cyclops!
You blast the cyclops.
The cyclops is severely wounded.
The cyclops hits you!
You die...

... #....... ....
#......#
....##......#
............#
............#
............#
.......C....###
.......@......# ..(
.......(...##.#....#
.......(...# #....#
...........+ #....#
...........####....#
#
..###.#............#
# . #.#(##.##.#....#
#
................###+#
##.#.................
#?#........##.......
# #........##.......


You could see a cyclops.

Vanquished Creatures
  A hydra (D:9)
  Erica (D:8)
  An ugly thing (D:11)
  Joseph (D:7)
  Maggie (D:8)
  A troll (D:11)
  2 shadows (D:10)
  9 yaks
  Menkaure (D:5)
  Edmund (D:6)
  2 water moccasins
  2 black bears
  2 orc warriors
  3 ice beasts
  3 phantoms
  4 ogres
  A necrophage (D:5)
  5 centaurs
  2 big kobolds (D:9)
  2 bullfrogs (D:7)
  A wyvern skeleton (D:7)
  2 scorpions
  5 killer bees (D:7)
  2 troll zombies (D:10)
  A vampire bat (D:5)
  5 wights
  2 howler monkeys
  2 hounds
  A jelly (D:10)
  3 orc priests
  A centaur skeleton (D:10)
  9 orc wizards
  4 bullfrog skeletons
  3 iguanas
  5 worker ants
  6 ogre zombies (D:10)
  A hound zombie (D:10)
  10 gnolls
  13 adders
  A shadow imp (D:5)
  3 white imps
  An adder skeleton (D:8)
  A worm (D:3)
  8 dart slugs
  3 fire bats (D:5)
  7 leopard geckos
  42 orcs
  2 spectral bats (D:5)
  3 bat skeletons (D:5)
  A bat zombie (D:5)
  2 giant cockroaches
  9 goblins
  8 hobgoblins
  17 jackals
  19 kobolds
  5 quokkas
  15 bats
  A bat simulacrum (D:5)
  A frilled lizard (D:3)
  6 goblin zombies (D:10)
  6 hobgoblin zombies (D:10)
  A jackal skeleton (D:4)
  3 orc skeletons (D:10)
  9 orc zombies (D:10)
  A quokka skeleton (D:6)
  9 rats
305 creatures vanquished.

Vanquished Creatures (others)
  A sky beast (D:5)
1 creature vanquished.

Grand Total: 306 creatures vanquished

Notes
Turn   | Place    | Note
-------+----------+-------------------------------------------
     0 | D:1      | om the Gargoyle Ice Elementalist began the quest for the
                  | Orb.
     0 | D:1      | Reached XP level 1. HP: 10/10 MP: 3/3
   347 | D:1      | Reached XP level 2. HP: 15/15 MP: 0/5
   823 | D:1      | Reached XP level 3. HP: 19/19 MP: 6/6
   980 | D:1      | Learned a level 3 spell: Frozen Ramparts
  1503 | D:2      | Reached XP level 4. HP: 17/24 MP: 6/8
  2726 | D:3      | Reached skill level 5 in Ice Magic
  2726 | D:3      | Reached skill level 1 in Fighting
  2726 | D:3      | Reached XP level 5. HP: 22/29 MP: 9/9
  3505 | D:3      | Reached XP level 6. HP: 22/38 MP: 5/10
  3679 | D:3      | Reached skill level 1 in Armour
  4371 | D:4      | Reached XP level 7. HP: 30/43 MP: 1/11
  4524 | D:4      | Found a bloodstained altar of Trog.
  4676 | D:4      | Found Xeerchek's Armour Emporium.
  4881 | D:4      | Reached skill level 5 in Armour
  5125 | D:4      | Found a staircase to the Ecumenical Temple.
  5149 | Temple   | Entered the Ecumenical Temple
  5332 | Temple   | Became a worshipper of Vehumet
  5446 | D:5      | Entered Level 5 of the Dungeon
  6072 | D:5      | Reached XP level 8. HP: 48/48 MP: 9/13
  6270 | D:5      | Reached * piety under Vehumet
  6270 | D:5      | Offered knowledge of Shock by Vehumet.
  6273 | D:5      | Learned a level 1 spell: Shock
  6887 | D:5      | Found a hide-covered altar of Uskayaw.
  6892 | D:5      | Found a shimmering blue altar of Sif Muna.
  6892 | D:5      | Found a glowing silver altar of Zin.
  6903 | D:5      | Found a shadowy altar of Dithmenos.
  6907 | D:5      | Found a white marble altar of Elyvilon.
  7125 | D:6      | Reached skill level 1 in Conjurations
  7125 | D:6      | Reached skill level 1 in Evocations
  7513 | D:6      | Reached skill level 2 in Conjurations
  7625 | D:6      | Noticed Menkaure
  8094 | D:5      | Killed Menkaure
  8094 | D:5      | Reached skill level 5 in Dodging
  8094 | D:5      | Reached skill level 3 in Conjurations
  8094 | D:5      | Reached XP level 9. HP: 18/52 MP: 13/15
  8772 | D:6      | Noticed Edmund
  8783 | D:6      | Killed Edmund
  8783 | D:6      | Reached skill level 4 in Conjurations
  9052 | D:6      | Offered knowledge of Searing Ray by Vehumet.
  9056 | D:6      | Learned a level 2 spell: Searing Ray
  9260 | D:6      | Reached ** piety under Vehumet
  9871 | D:7      | Reached skill level 5 in Conjurations
 10134 | D:7      | Noticed Joseph
 10185 | D:7      | Killed Joseph
 10185 | D:7      | Reached skill level 6 in Conjurations
 10185 | D:7      | Reached skill level 5 in Evocations
 10186 | D:7      | Reached XP level 10. HP: 48/56 MP: 7/16
 10709 | D:7      | Reached skill level 7 in Conjurations
 10711 | D:7      | Offered knowledge of Static Discharge by Vehumet.
 10716 | D:7      | Learned a level 3 spell: Static Discharge
 10783 | D:8      | Noticed Maggie
 10965 | D:8      | Reached *** piety under Vehumet
 10969 | D:8      | Found a staircase to the Lair.
 11106 | D:8      | Noticed Erica
 11311 | D:8      | Killed Maggie
 11311 | D:8      | Reached skill level 8 in Conjurations
 11420 | D:8      | Killed Erica
 11420 | D:8      | Reached skill level 9 in Conjurations
 11513 | D:8      | Found a hide-covered altar of Uskayaw.
 11833 | D:9      | Noticed a lindwurm
 11910 | D:9      | Reached skill level 10 in Conjurations
 11913 | D:9      | Offered knowledge of Inner Flame by Vehumet.
 11922 | D:9      | Reached skill level 5 in Fighting
 12121 | D:9      | Noticed a six-headed hydra
 12170 | D:9      | Killed a six-headed hydra
 12683 | D:9      | Found an opulent altar of Gozag.
 12789 | D:9      | Reached XP level 11. HP: 64/64 MP: 17/17
 12890 | D:9      | Noticed a lindwurm
 12905 | D:9      | Noticed a lindwurm
 12941 | D:10     | Entered Level 10 of the Dungeon
 13137 | D:10     | Reached **** piety under Vehumet
 13141 | D:10     | Reached skill level 5 in Staves
 13264 | D:10     | Offered knowledge of Bolt of Magma by Vehumet.
 13297 | D:10     | Found a staircase to the Orcish Mines.
 13899 | D:10     | Noticed an orange crystal statue
 14305 | D:11     | Noticed a brown ugly thing
 14317 | D:11     | Killed a brown ugly thing
 14556 | D:11     | Noticed a cyclops
 14565 | D:11     | HP: 4/96 [cyclops (25)]
 14567 | D:11     | Slain by a cyclops

Illustrated notes

Levels and vault maps discovered:
D:1:      roderic_dead_forest, layout_basic, st_stairs_6, minmay_ruptured
D:2:      layout_basic, minmay_stone_trees_small
D:3:      lemuel_upstairs_altar, layout_basic, st_stairs_3
D:4:      layout_rooms, marbit_many_paths, minmay_temple_entry_antechambers,
          serial_shops, shop, minivault_19, eino_tiny_chamber,
          corexii_leaking_fountain
D:5:      layout_loops_ring, minmay_overflow_temple_star_hex, goddamned_bats
D:6:      layout_basic, kennysheep_crisscross, uniq_menkaure, uniq_edmund
D:7:      layout_loops_ring, uniq_joseph
D:8:      layout_cave_pools, lair_entry_dummy, basic_altar, serial_bayou_pond_c,
          uniq_erica, uniq_maggie
D:9:      layout_loops_ring, overflow_temple_1_default, minmay_lindwurm_lava
D:10:     minmay_statue_hallways, layout_long_grid, zombieorc2_lemuel
D:11:     layout_basic, kennysheep_windowed_goal
Temple:   regret_index_temple_generic_petals

Skill      XL: |  1  2  3  4  5  6  7  8  9 10 11 |
---------------+----------------------------------+-----
Stealth        | 3 |  3.0
Dodging        | 2 5 6 |  6.6
Spellcasting   | 3 4 |  4.0
Ice Magic      | 5 |  5.0
Fighting       | 1 3 4 6 |  6.0
Armour         | 3 5 6 7 |  7.1
Conjurations   | 3 6 10 | 10.0
Evocations     | 2 5 |  5.0
Staves         | 3 5 |  5.0

Action                   |  1- 3 |  4- 6 |  7- 9 | 10-12 || total
-------------------------+-------+-------+-------+-------++-------
Melee: Unarmed           |     4 |       |       |       ||     4
       Short sword       |    61 |    84 |   212 |       ||   357
       Staff             |       |       |   106 |   161 ||   267
 Cast: Freeze            |    21 |    10 |    13 |    32 ||    76
       Frozen Ramparts   |       |    13 |    31 |    31 ||    75
       Shock             |       |       |    38 |       ||    38
       Searing Ray       |       |       |     4 |    21 ||    25
       Static Discharge  |       |       |       |     9 ||     9
Evoke: Wand              |       |       |     3 |       ||     3
  Use: Scroll            |       |       |     7 |     4 ||    11
       Potion            |       |       |       |     1 ||     1
 Stab: Sleeping          |       |     3 |     6 |     4 ||    13
       Distracted        |       |       |     1 |       ||     1
Armor: Robe              |    30 |    63 |   192 |    35 ||   320
       Steam dragon scal |       |       |       |    82 ||    82
Dodge: Dodged            |    69 |    68 |   327 |   175 ||   639

Table legend: (Time is in decaauts)
 A = Elapsed time spent in this place.
 B = Non-inter-level travel time spent in this place.
 C = Inter-level travel time spent in this place.
 D = Time resting spent in this place.
 E = Time spent auto-exploring this place.
 F = Levels seen in this place.
 G = Mean time per level.
                   A        B        C        D        E       F      G
               +--------+--------+--------+--------+--------+-----+--------+
         Total |  14646 |  14176 |    470 |   4516 |   7047 |  12 | 1220.5 |
       Dungeon |  14431 |  14008 |    423 |   4516 |   6880 |  11 | 1311.9 |
        Temple |    214 |    168 |     46 |      0 |    167 |   1 |  214.0 |
               +--------+--------+--------+--------+--------+-----+--------+

Top non-repeatable levels by time:
     D:5: 2523 daAuts
     D:3: 1826 daAuts
     D:6: 1701 daAuts
     D:1: 1481 daAuts
    D:10: 1350 daAuts
     D:7: 1309 daAuts
     D:9: 1224 daAuts
     D:2: 1014 daAuts
     D:4: 924 daAuts
     D:8: 805 daAuts
    D:11: 270 daAuts
  Temple: 214 daAuts
